 Dungeon Crawl Stone Soup version 0.28.0-47-ge53b351184 (console) character file.

Game seed: 2533404413279745177

46 Faeu the Covered (level 3, -2/33 HPs)
             Began as a Minotaur Fighter on May 2, 2022.
             Killed by nerve-wracking pain
             ... invoked by an orc priest
              (10 damage)
             ... on level 2 of the Dungeon.
             The game lasted 00:02:18 (1447 turns).

Faeu the Covered (Minotaur Fighter)                 Turns: 1447, Time: 00:02:19

Health: -2/33      AC:  7    Str: 22    XL:     3   Next: 44%
Magic:  2/2        EV:  9    Int:  5    God:
Gold:   43         SH:  4    Dex:  9    Spells: 2/2 levels left

rFire   . . .      SeeInvis .   a - +0 war axe {axe}
rCold   . . .      Faith    .   c - +0 buckler
rNeg    . . .      Spirit   .   b - +0 scale mail
rPois   .          Reflect  .   (helmet restricted)
rElec   .          Harm     .   (no cloak)
rCorr   .          Rampage  .   (no gloves)
Will    .....                   (no boots)
Stlth   ..........              (no amulet)
HPRegen 0.11/turn               (no ring)
MPRegen 0.08/turn               (no ring)

@: no status effects
A: horns 2, retaliatory headbutt
a: no special abilities


You were on level 2 of the Dungeon.
You visited 1 branch of the dungeon, and saw 2 of its levels.

You collected 43 gold pieces.


Innate Abilities, Weirdness & Mutations

You have a pair of horns on your head.
You reflexively headbutt those who attack you in melee.


   Skills:
 + Level 4.1 Fighting
 + Level 3.1 Axes
 + Level 4.2 Armour
 + Level 4.1 Shields


You had 2 spell levels left.
You didn't know any spells.
Your spell library was empty.

Inventory:

Hand Weapons
 a - a +0 war axe (weapon) {axe}
 k - a +1 dagger of freezing {short}
   (You took it off a goblin on level 2 of the Dungeon)
Armour
 b - a +0 scale mail (worn)
 c - a +0 buckler (worn)
Jewellery
 e - a ring of positive energy
   (You found it on level 1 of the Dungeon)
Scrolls
 i - a scroll of holy word {unknown}
 j - 2 scrolls of teleportation {unknown}
Potions
 d - a potion of might
 f - a potion of cancellation {unknown}
 g - a potion of flight {unknown}
 h - a potion of degeneration {unknown}
 l - 2 potions of curing {unknown}

Dungeon Overview and Level Annotations

Branches:
Dungeon (2/15)

Altars:

##############
#######...o)........
#.........##@.......
#.#####.#.##.#######
#.#####...!)....S...
#....##...).......##
####.##..#.#.#.#....
#.##...........##
#.##....#.#.#....
#.##........... #
#.##....#.####.#
#.##....# #.##....#
#.#


You could see an orc priest.


Message History

Your Axes skill increases to level 3!
You have reached level 3!
Your experience leads to an increase in your attributes!
Increase (S)trength, (I)ntelligence, or (D)exterity?
You feel stronger. x2 😮 HP[+4] MP[+1]
You now have 33 max hp (+6).
You regained 4 hp, and now have 21/33 hp.
Your mp is fully restored (2).
You start resting.
A quokka comes into view. 😕 HP[+7]
You regained 7 hp, and now have 28/33 hp.
Things that are here:
a +0 dagger {short}; a goblin corpse The quokka twitches its whiskers.
The quokka bites you but does no damage.
You hit the quokka. The quokka closely misses you.
The quokka barely misses you.
You closely miss the quokka. The quokka barely misses you.
You barely miss the quokka. Your headbutt misses the quokka.
The quokka bites you but does no damage. x2 😕 HP[+1]
You closely miss the quokka. You headbutt the quokka.
You kill the quokka!
You see here a quokka corpse.
HP restored.
A goblin comes into view. It is wielding a +1 dagger of freezing.
The goblin shouts! 😎 HP[+4]
You closely miss the goblin. The goblin hits you but does no damage.
The goblin hits you with a +1 dagger of freezing.
The goblin freezes you. 😕 HP[-5]
You take 5 damage, and now have 28/33 hp.
You barely miss the goblin.
The goblin hits you with a +1 dagger of freezing.
The goblin freezes you. 😕 HP[-2]
You take 2 damage, and now have 26/33 hp.
You closely miss the goblin. Your headbutt misses the goblin.
The goblin hits you with a +1 dagger of freezing.
The goblin freezes you. 😮 HP[-2]
You take 2 damage, and now have 24/33 hp.
You slash the goblin!
You kill the goblin!
k - a +1 dagger of freezing {short};
l - 2 yellow potions You see here a goblin corpse. 😕 HP[+1] 😕 HP[+1]
A rat comes into view. 😎 HP[+7] 2 orcs and a kobold come into view.
The orc shouts! x2; The kobold shouts!
An orc priest comes into view. It is wielding a +2 antimagic dagger.
The orc moves out of view.
The orc priest shouts!
You slash the rat!
You kill the rat!
A bat comes into view.
An orc comes into view.
It is wielding a +1 short sword of holy wrath.
The orc shouts!
The bat hits you but does no damage.
You see here a fuming purple potion.
You slash the orc!
You kill the orc!
You closely miss the bat. You hit the orc. The bat barely misses you.
The orc hits you but does no damage.
Unknown command.
You hit the bat but do no damage. You headbutt the bat.
You kill the bat!
You closely miss the kobold. You hit the orc.
You kill the orc!
You block the kobold's attack.
You miss the kobold. Your headbutt misses the kobold.
The kobold hits you but does no damage. You block the kobold's attack.
You hit the kobold. The kobold barely misses you. You furiously retaliate!
You headbutt the kobold.
You kill the kobold!
You closely miss the orc. Your headbutt misses the orc.
The orc hits you with a +1 short sword of holy wrath.
The orc priest invokes the aid of Beogh against you.
Beogh smites you!
* * * LOW HITPOINT WARNING * * *
😨 HP[-20]
You take 20 damage, and now have 13/33 hp.
MASSIVE DAMAGE!! (PAUSE)
The orc hits you with a +1 short sword of holy wrath.
* * * LOW HITPOINT WARNING * * *
😱 HP[-6]
You take 6 damage, and now have 7/33 hp.
You hit the orc. You headbutt the orc.
You kill the orc! 😱 HP[+1]
A ball python comes into view.
The ball python hisses angrily.
The orc priest mumbles some strange prayers to Beogh against you.
Pain shoots through your body!
You die...

Skill      XL: |  1  2 |
---------------+-------+-----
Armour         | 4 |  4.2
Shields        | 4 |  4.1
Fighting       | 4 |  4.1
Axes           | 3 |  3.1

Action                   || total
-------------------------++-------
Melee: War axe           ||    62
       Headbutt          ||     5
Armor: Scale mail        ||    36
Dodge: Dodged            ||    33
Block: Buckler           ||    16

Levels and vault maps discovered:
D:1:      dpeg_arrival_leaves_temple_mockup, layout_loops_corners,
          basic_ecumenical_altar
D:2:      layout_loops_ring

Notes
Turn   | Place    | Note
-------+----------+-------------------------------------------
     0 | D:1      | Faeu the Minotaur Fighter began the quest for the Orb.
     0 | D:1      | Reached XP level 1. HP: 19/19 MP: 0/0
     0 | D:1      | magus.rc [v1.9.6]
   306 | D:1      | Reached XP level 2. HP: 22/27 MP: 1/1
   430 | D:1      | Found a faded altar of an unknown god.
   726 | D:1      | Reached skill level 4 in Armour
  1019 | D:1      | Reached skill level 4 in Shields
  1138 | D:2      | Reached skill level 4 in Fighting
  1209 | D:2      | Reached skill level 3 in Axes
  1209 | D:2      | Reached XP level 3. HP: 21/33 MP: 2/2
  1444 | D:2      | HP: 7/33 [orc/+1 short sword of holy wrath (6)]
  1447 | D:2      | Killed from afar by an orc priest

Vanquished Creatures
  An adder (D:2)
  3 orcs (D:2)
  5 bats
  2 endoplasms (D:1)
  A giant cockroach (D:1)
  4 goblins
  A hobgoblin (D:2)
  6 kobolds
  2 quokkas
  A ball python (D:1)
  3 frilled lizards (D:1)
  5 rats
34 creatures vanquished.

Table legend:
 A = Non-vault XP
 B = Vault XP
 C = Vault XP percentage of total XP
 D = Non-vault monster count
 E = Vault monster count
 F = Vault count percentage of total count
                 A         B        C        D         E       F
            +---------+---------+-------+---------+---------+-------
      Total |      66 |       0 |   0.0 |      34 |       0 |   0.0
            +---------+---------+-------+---------+---------+-------
        D:1 |      31 |       0 |   0.0 |      22 |       0 |   0.0
        D:2 |      35 |       0 |   0.0 |      12 |       0 |   0.0
            +---------+---------+-------+---------+---------+-------

Illustrated notes

Table legend:
 A = Kills in this place as a percentage of kills in entire the game.
 B = Kills by you in this place as a percentage of kills by you in the entire game.
 C = Kills by friends in this place as a percentage of kills by friends in the entire game.
 D = Other kills in this place as a percentage of other kills in the entire game.
 E = Experience gained in this place as a percentage of experience gained in the entire game.
 F = Experience gained in this place divided by the number of levels of this place that you have seen.
                   A       B       C       D       E      F
               +-------+-------+-------+-------+-------+----------------------
         Total | 100.0 | 100.0 |   N/A |   N/A | 100.0 |  33.0
       Dungeon | 100.0 | 100.0 |   N/A |   N/A | 100.0 |  33.0
               +-------+-------+-------+-------+-------+----------------------

Table legend: (Time is in decaauts)
 A = Elapsed time spent in this place.
 B = Non-inter-level travel time spent in this place.
 C = Inter-level travel time spent in this place.
 D = Time resting spent in this place.
 E = Time spent auto-exploring this place.
 F = Levels seen in this place.
 G = Mean time per level.
                   A        B        C        D        E       F      G
               +--------+--------+--------+--------+--------+-----+--------+
         Total |   1471 |   1465 |      6 |    261 |    913 |   2 |  735.5 |
       Dungeon |   1471 |   1465 |      6 |    261 |    913 |   2 |  735.5 |
               +--------+--------+--------+--------+--------+-----+--------+

Top non-repeatable levels by time:
     D:1: 1148 daAuts
     D:2: 323 daAuts
